Description

Dark vs Drager game 1 march 2019

Replay - Dark v Drager: Game 1 - 国王藏宝地-天梯版

Build Order

Get SALT Encoding   

  12  0:00  Drone  
  13  0:13  Overlord  
  13  0:18  Drone  
  14  0:31  Drone x3  
  17  0:53  Hatchery  
  17  0:56  Drone x2  
  18  1:10  Extractor  
  17  1:12  Spawning Pool  
  17  1:17  Drone x2  
  18  1:31  Drone  
  20  1:48  Hatchery  
  20  2:05  Zergling x2  
  22  2:08  Queen  
  24  2:18  Queen  
  26  2:24  Overlord  
  28  2:42  Zergling x2  
  33  2:57  Queen  
  36  3:08  Overlord  
  39  3:19  Queen  
  41  3:20  Overlord  
  47  3:36  Lair  
  47  3:41  Roach Warren  
  47  3:44  Extractor  
  50  3:56  Overlord  
  52  4:06  Extractor x2  
  60  4:36  Roach x4  
  60  4:37  Overseer  
  69  4:41  Roach x4  
  77  4:53  Roach x2  
  85  5:14  Glial Reconstitution  
  85  5:17  Overseer  
  85  5:26  Nydus Network  
  113  6:02  Nydus Canal  
  121  6:11  Overseer  
  129  6:32  Nydus Canal  
  105  6:59  Nydus Canal  
  109  7:13  Nydus Canal  
  116  7:17  Queen x2  
  125  7:37  Extractor x2  
  125  7:38  Spire  
  132  7:52  Hatchery  
  137  8:18  Nydus Canal  
  145  8:26  Metabolic Boost  
  151  8:37  Nydus Canal  
  151  8:50  Mutalisk x6  
  163  8:58  Nydus Canal  
  163  9:00  Zergling x10  
  168  9:07  Zergling x4  
  178  9:12  Nydus Canal  
  200  9:42  Zergling x2  
Spawning Tool Build Advisor. Get it on Overwolf

Go to:

Details

  • Created by: peteydidit     
  • Published on: Mar 22, 2019
  • Modified on: Mar 22, 2019
  • Patch: 4.7.1
Show
View Real Time Build Order
Export as new Build Order

Comments (0)

There are no comments. Be the first!

Create an account to comment!